[Event "Reykjavik Open 2022"]
[Site "Reykjavik"]
[Date "2022.04.07"]
[Round "2.27"]
[White "Tania, Sachdev"]
[Black "Johannsson, Birkir Isak"]
[Result "1-0"]
[ECO "D35"]
[WhiteElo "2392"]
[BlackElo "2103"]
[Annotator "ChessBase"]
[PlyCount "61"]
[EventDate "2022.04.06"]
[EventCountry "ISL"]
[SourceTitle "playchess.com"]
[Source "ChessBase"]
[SourceQuality "1"]
[TimeControl "40/5400+30:1800+30"]

1. d4 d5 2. c4 e6 3. Nf3 Nf6 4. Nc3 c6 5. Bg5 Nbd7 6. cxd5 exd5 7. e3 h6 8. Bh4 g5 9. Bg3 Nh5 10. Be5 Nhf6 11. Bd3 Nxe5 12. Nxe5 Bg7 13. O-O Qe7 14. f4 Be6 15. Qa4 O-O 16. Rae1 c5 17. Bb1 Rfe8 18. a3 a6 19. Qc2 Rec8 20. Qf2 gxf4 21. Qxf4 Nd7 22. Nf3 Qf6 23. Qg3 Re8 24. Ba2 c4 25. e4 dxe4 26. Nxe4 Qd8 27. Nd6 Rf8 28. d5 Qb6+ 29. Kh1 Bxd5 30. Nf5 Qxb2 31. Re5 1-0

[Event "Reykjavik Open 2022"]
[Site "Reykjavik"]
[Date "2022.04.07"]
[Round "2.28"]
[White "Foerster-Yialamas, Lucas"]
[Black "Grieve, Harry"]
[Result "0-1"]
[ECO "B12"]
[WhiteElo "2048"]
[BlackElo "2384"]
[Annotator "ChessBase"]
[PlyCount "120"]
[EventDate "2022.04.06"]
[EventCountry "ISL"]
[SourceTitle "playchess.com"]
[Source "ChessBase"]
[SourceQuality "1"]
[TimeControl "40/5400+30:1800+30"]

1. e4 c6 2. d4 d5 3. e5 Bf5 4. h4 h5 5. Bd3 Bxd3 6. Qxd3 Qa5+ 7. Nd2 e6 8. Ngf3 Nh6 9. O-O Nf5 10. c4 Be7 11. g3 O-O 12. Rd1 Qa6 13. b3 c5 14. Bb2 Nc6 15. dxc5 Bxc5 16. Kg2 Rfd8 17. Qf1 Nb4 18. cxd5 Qxf1+ 19. Nxf1 Nxd5 20. Rac1 Rac8 21. a3 a5 22. Rd2 Ba7 23. Rc4 b5 24. Re4 Rd7 25. Ne1 Rdc7 26. g4 hxg4 27. Rxg4 a4 28. Ng3 Nh6 29. Rg5 Nf4+ 30. Kf3 Nh3 31. bxa4 bxa4 32. Rh5 Rc4 33. Ne4 Rb8 34. Nd3 Rb3 35. Nd6 Rf4+ 36. Kg2 Rxf2+ 37. Nxf2 Nf4+ 38. Kf1 Nxh5 39. Nfe4 Ng4 40. Ng5 Be3 41. Rg2 Nf4 42. Rc2 Rb8 43. Ndxf7 Bd4 44. Bc1 Ne3+ 45. Bxe3 Bxe3 46. Re2 Nxe2 47. Kxe2 Rb3 48. Nd6 Bxg5 49. hxg5 Rxa3 50. Ne4 Rh3 51. Kd2 a3 52. Kc2 Re3 53. Nd6 Rxe5 54. g6 Rd5 55. Ne4 Rb5 56. Nc3 Rc5 57. Kb3 Rxc3+ 58. Kxc3 Kf8 59. Kb3 Ke7 60. Kxa3 Kf6 0-1

[Event "Reykjavik Open 2022"]
[Site "Reykjavik"]
[Date "2022.04.07"]
[Round "2.29"]
[White "Bosboom, Ardin"]
[Black "Vardaan Nagpal"]
[Result "1-0"]
[ECO "D31"]
[WhiteElo "2090"]
[BlackElo "2378"]
[Annotator "ChessBase"]
[PlyCount "105"]
[EventDate "2022.04.06"]
[EventCountry "ISL"]
[SourceTitle "playchess.com"]
[Source "ChessBase"]
[SourceQuality "1"]
[TimeControl "40/5400+30:1800+30"]

1. d4 d5 2. c4 e6 3. Nc3 c6 4. e4 dxe4 5. Nxe4 Bb4+ 6. Bd2 Qxd4 7. Bxb4 Qxe4+ 8. Ne2 Na6 9. Bf8 Qe5 10. Qd2 Bd7 11. Bd6 Qe4 12. O-O-O Nf6 13. Ng3 Qh4 14. Qe3 Ng4 15. Qd4 e5 16. Bxe5 O-O-O 17. h3 c5 18. hxg4 Qxh1 19. Qxd7+ Rxd7 20. Nxh1 Rxd1+ 21. Kxd1 Rd8+ 22. Kc1 f6 23. Bc3 Nc7 24. Ng3 Ne6 25. Kc2 Kd7 26. Bd3 h6 27. Nh5 Ke7 28. g3 Kf7 29. Be4 Rd7 30. Bd5 Ke7 31. b4 Kd6 32. Bxe6 Kxe6 33. bxc5 Kf7 34. Nf4 Rc7 35. Bd4 Re7 36. Kd2 Re4 37. Kc3 Re1 38. c6 bxc6 39. Bxa7 Re5 40. Kb4 g5 41. Nd3 Re7 42. Bb6 Rd7 43. a4 Rxd3 44. a5 c5+ 45. Kxc5 Ke6 46. Kc6 Rd6+ 47. Kb7 Rd7+ 48. Bc7 Rd4 49. c5 Kd5 50. a6 Rxg4 51. a7 Ra4 52. Bb6 h5 53. c6 1-0

[Event "Reykjavik Open 2022"]
[Site "Reykjavik"]
[Date "2022.04.07"]
[Round "2.30"]
[White "Hedman, Erik"]
[Black "Ruiz Buendia, Miguel"]
[Result "1/2-1/2"]
[ECO "A34"]
[WhiteElo "2368"]
[BlackElo "2074"]
[Annotator "RC"]
[PlyCount "21"]
[EventDate "2022.04.06"]
[EventCountry "ISL"]
[SourceTitle "playchess.com"]
[Source "ChessBase"]
[SourceQuality "1"]
[TimeControl "40/5400+30:1800+30"]

1. Nf3 c5 2. c4 Nf6 3. Nc3 d5 4. cxd5 Nxd5 5. e4 Nb4 6. Bc4 Nd3+ 7. Ke2 Nf4+ 8. Kf1 Nd3 9. Ke2 Nf4+ 10. Kf1 Nd3 11. Ke2 1/2-1/2

[Event "Reykjavik Open 2022"]
[Site "Reykjavik"]
[Date "2022.04.07"]
[Round "2.31"]
[White "Dishman, Stephen"]
[Black "Barthel, Ansgar"]
[Result "1-0"]
[ECO "D34"]
[WhiteElo "2332"]
[BlackElo "2053"]
[Annotator "ChessBase"]
[PlyCount "65"]
[EventDate "2022.04.06"]
[EventCountry "ISL"]
[SourceTitle "playchess.com"]
[Source "ChessBase"]
[SourceQuality "1"]
[TimeControl "40/5400+30:1800+30"]

1. Nf3 d5 2. c4 e6 3. d4 c5 4. cxd5 exd5 5. g3 Nc6 6. Bg2 Nf6 7. O-O Be7 8. Nc3 O-O 9. Bg5 cxd4 10. Nxd4 h6 11. Be3 Bg4 12. Qa4 Ne5 13. Rad1 Nc4 14. Qb3 Nxe3 15. fxe3 Qb6 16. Qxb6 axb6 17. Nxd5 Nxd5 18. Bxd5 Bf6 19. Rd3 Rfe8 20. e4 Be6 21. Bxe6 fxe6 22. a3 Ra4 23. Rfd1 e5 24. Nb5 Be7 25. b4 Bf8 26. Rd7 Re7 27. Rd8 Rf7 28. Rb8 Kh7 29. Rf1 Rxf1+ 30. Kxf1 Be7 31. Rxb7 Bg5 32. Ra7 Rxa7 33. Nxa7 1-0

[Event "Reykjavik Open 2022"]
[Site "Reykjavik"]
[Date "2022.04.07"]
[Round "2.32"]
[White "Cummings, David H."]
[Black "Marzik, Hans"]
[Result "1-0"]
[ECO "E71"]
[WhiteElo "2327"]
[BlackElo "2050"]
[Annotator "ChessBase"]
[PlyCount "81"]
[EventDate "2022.04.06"]
[EventCountry "ISL"]
[SourceTitle "playchess.com"]
[Source "ChessBase"]
[SourceQuality "1"]
[TimeControl "40/5400+30:1800+30"]

1. c4 Nf6 2. Nc3 g6 3. e4 d6 4. d4 Bg7 5. h3 O-O 6. Be3 e5 7. d5 a5 8. g4 c6 9. Qd2 b5 10. cxb5 cxd5 11. exd5 a4 12. Nge2 Nbd7 13. Ng3 Nb6 14. g5 Ne8 15. Nge4 Bb7 16. O-O-O f5 17. gxf6 Nxf6 18. Nxf6+ Bxf6 19. Kb1 Bh4 20. Rg1 a3 21. Bd3 Rf7 22. b3 Nd7 23. Rg4 Nf8 24. Rc4 Rc8 25. Rg1 Rxc4 26. bxc4 Bc8 27. Ne4 Bf5 28. f3 Bd7 29. Be2 Bf5 30. Rc1 Bxe4+ 31. fxe4 Bf2 32. Bg4 Bxe3 33. Qxe3 Kg7 34. Qxa3 Qh4 35. Qe3 h5 36. Be6 Rf4 37. Re1 Nh7 38. b6 Nf6 39. b7 Rxe4 40. b8=Q Rxe3 41. Qa7+ 1-0

[Event "Reykjavik Open 2022"]
[Site "Reykjavik"]
[Date "2022.04.07"]
[Round "2.33"]
[White "Lim, Zhuo Ren"]
[Black "Kartsev, Nikolay"]
[Result "1/2-1/2"]
[ECO "E11"]
[WhiteElo "2317"]
[BlackElo "2036"]
[Annotator "ChessBase"]
[PlyCount "64"]
[EventDate "2022.04.06"]
[EventCountry "ISL"]
[SourceTitle "playchess.com"]
[Source "ChessBase"]
[SourceQuality "1"]
[TimeControl "40/5400+30:1800+30"]

1. d4 Nf6 2. c4 e6 3. Nf3 d5 4. g3 Bb4+ 5. Bd2 Be7 6. Bg2 O-O 7. Qc2 Nbd7 8. O-O c6 9. Rd1 b6 10. Nc3 dxc4 11. Ne5 Nxe5 12. dxe5 Nd5 13. Qe4 b5 14. Qg4 Qc7 15. Bf4 Nxc3 16. bxc3 Kh8 17. Bg5 f6 18. exf6 Bxf6 19. Bxf6 Rxf6 20. Bxc6 e5 21. Qh4 Bb7 22. Be4 Bxe4 23. Qxe4 Raf8 24. f3 Rd6 25. Rd5 Qb6+ 26. Kf1 Rxd5 27. Qxd5 Qe3 28. Qd6 Kg8 29. Qe6+ Kh8 30. Qe7 Kg8 31. Qe6+ Kh8 32. Qe7 Kg8 1/2-1/2

[Event "Reykjavik Open 2022"]
[Site "Reykjavik"]
[Date "2022.04.07"]
[Round "2.34"]
[White "Held, Thomas"]
[Black "Valkama, Eero"]
[Result "0-1"]
[ECO "C90"]
[WhiteElo "2045"]
[BlackElo "2244"]
[Annotator "ChessBase"]
[PlyCount "64"]
[EventDate "2022.04.06"]
[EventCountry "ISL"]
[SourceTitle "playchess.com"]
[Source "ChessBase"]
[SourceQuality "1"]
[TimeControl "40/5400+30:1800+30"]

1. e4 e5 2. Nf3 Nc6 3. Bb5 a6 4. Ba4 Nf6 5. O-O Be7 6. Re1 b5 7. Bb3 d6 8. a4 Bd7 9. a5 Nb8 10. c3 c5 11. d4 Nc6 12. dxc5 dxc5 13. Bd5 O-O 14. Nbd2 Qc7 15. Nf1 Rad8 16. Bxc6 Bxc6 17. Qc2 c4 18. Ng3 Nd7 19. Be3 Bc5 20. Bg5 f6 21. Bc1 Ba7 22. b4 cxb3 23. Qxb3+ Kh8 24. Qe6 Nc5 25. Qh3 Nd3 26. Re3 Nxc1 27. Rxc1 Bxe3 28. fxe3 Bd7 29. Qh5 Qxa5 30. Nh4 Kg8 31. Ngf5 Bxf5 32. Nxf5 Qc7 0-1

[Event "Reykjavik Open 2022"]
[Site "Reykjavik"]
[Date "2022.04.07"]
[Round "2.35"]
[White "Lohia, Sohum"]
[Black "Ritzka, Simon"]
[Result "1/2-1/2"]
[ECO "C12"]
[WhiteElo "2251"]
[BlackElo "2038"]
[Annotator "ChessBase"]
[PlyCount "68"]
[EventDate "2022.04.06"]
[EventCountry "ISL"]
[SourceTitle "playchess.com"]
[Source "ChessBase"]
[SourceQuality "1"]
[TimeControl "40/5400+30:1800+30"]

1. e4 e6 2. d4 d5 3. Nc3 Nf6 4. Bg5 Bb4 5. e5 h6 6. Bd2 Bxc3 7. Bxc3 Ne4 8. Bb4 c5 9. Bxc5 Nxc5 10. dxc5 Qc7 11. Nf3 Qxc5 12. c3 Bd7 13. Bd3 Bb5 14. O-O Nc6 15. a4 Bxd3 16. Qxd3 O-O 17. Qb5 Qe7 18. Rfe1 Qc7 19. Rad1 Rac8 20. h4 a6 21. Qd3 b5 22. axb5 axb5 23. Qxb5 Rb8 24. Qe2 Rb3 25. c4 dxc4 26. Qxc4 Qb6 27. Re2 Rb8 28. Rc1 Ne7 29. Rcc2 Nf5 30. h5 Rxf3 31. gxf3 Nd4 32. Re3 Nxc2 33. Qxc2 Qd8 34. f4 Qb6 1/2-1/2

[Event "Reykjavik Open 2022"]
[Site "Reykjavik"]
[Date "2022.04.07"]
[Round "2.36"]
[White "Thorsteinsdottir, Hallgerdur"]
[Black "Willow, Jonah B"]
[Result "0-1"]
[ECO "B29"]
[WhiteElo "2032"]
[BlackElo "2365"]
[Annotator "TA"]
[PlyCount "116"]
[EventDate "2022.04.06"]
[EventCountry "ISL"]
[SourceTitle "playchess.com"]
[Source "ChessBase"]
[SourceQuality "1"]
[TimeControl "40/5400+30:1800+30"]

1. e4 c5 2. Nf3 Nf6 3. e5 Nd5 4. c4 Nc7 5. d4 cxd4 6. Nxd4 g6 7. Be2 Bg7 8. f4 O-O 9. O-O d6 10. exd6 Qxd6 11. Nb3 Qxd1 12. Rxd1 Nc6 13. Nc3 Bf5 14. Be3 Rfd8 15. Rxd8+ Rxd8 16. Rd1 Rxd1+ 17. Bxd1 Bd3 18. Nd2 b6 19. Kf2 Nd4 20. g4 Na6 21. a3 Nc5 22. b4 Nb7 23. h3 Nd6 24. c5 bxc5 25. bxc5 Nb7 26. Na4 Bb5 27. Ne4 Bc6 28. Nec3 Na5 29. Nb2 Ne6 30. Nca4 Nc7 31. Kg3 Nb5 32. Bd2 Nb7 33. Nc4 Bd4 34. Ne5 Bxe5 35. fxe5 Nxa3 36. Be3 Nc4 37. Bd4 Nd8 38. Nb2 Nxb2 39. Bxb2 Ne6 40. Ba3 Kf8 41. Bb3 Nd4 42. Bc4 Nc2 43. Bc1 e6 44. Bd2 Bd5 45. Bb5 ({Avoid the trap} 45. Bxd5 $2 exd5 46. Bc3 (46. c6 $2 Ke7 $19) 46... Ke7 $19) 45... Nd4 46. Bh6+ Kg8 47. Ba4 Ne2+ (47... Bc6 $5 48. Bd1 Bb5 $15) 48. Kf2 Nc3 49. Bd7 (49. Bc2 $11 {remains equal.}) 49... Ne4+ $17 50. Ke3 Nxc5 51. Bb5 a6 52. Be2 a5 53. Kd4 Nb3+ 54. Kc3 a4 55. Kb4 Nd4 56. Bd1 (56. Bf1 $17) 56... Nc6+ 57. Kxa4 Nxe5 58. Bf4 $2 (58. Be2) 58... Nd3 0-1

[Event "Reykjavik Open 2022"]
[Site "Reykjavik"]
[Date "2022.04.07"]
[Round "2.37"]
[White "Thorhallsson, Throstur"]
[Black "Khoury, Theo"]
[Result "1-0"]
[ECO "D40"]
[WhiteElo "2414"]
[BlackElo "1878"]
[Annotator "RC"]
[PlyCount "79"]
[EventDate "2022.04.06"]
[EventCountry "ISL"]
[SourceTitle "playchess.com"]
[Source "ChessBase"]
[SourceQuality "1"]
[TimeControl "40/5400+30:1800+30"]

1. d4 Nf6 2. Nf3 e6 3. c4 c5 4. e3 d5 5. Nc3 a6 6. dxc5 Bxc5 7. a3 O-O 8. b4 Bd6 9. cxd5 exd5 10. Be2 Nc6 11. O-O Be6 12. Bb2 Rc8 13. Rc1 Ne5 14. Nxd5 Nxf3+ 15. Bxf3 Bxd5 16. Rxc8 Qxc8 17. Bxf6 Bxf3 18. Qxd6 Qg4 19. Qg3 Qxg3 20. hxg3 Bh5 21. Bd4 Rc8 22. f3 Rc2 23. Rd1 Ra2 24. Bb2 f6 25. Rd2 Kf7 26. e4 Bg6 27. g4 h5 28. gxh5 Bxh5 29. Kf2 g5 30. g4 Bg6 31. Ke3 Ke6 32. Kd3 Kd7 33. Kc2+ Kc7 34. Kb1 Bf7 35. Rh2 Kc6 36. Rh6 Kb5 37. Rxf6 Bc4 38. Rf5+ Ka4 39. Kc2 b5 40. Rf6 1-0

[Event "Reykjavik Open 2022"]
[Site "Reykjavik"]
[Date "2022.04.07"]
[Round "2.38"]
[White "Bartelt, Max Peter"]
[Black "Martin, Julian"]
[Result "0-1"]
[ECO "D00"]
[WhiteElo "1923"]
[BlackElo "2388"]
[Annotator "ChessBase"]
[PlyCount "90"]
[EventDate "2022.04.06"]
[EventCountry "ISL"]
[SourceTitle "playchess.com"]
[Source "ChessBase"]
[SourceQuality "1"]
[TimeControl "40/5400+30:1800+30"]

1. d4 Nf6 2. Bg5 d5 3. Bxf6 exf6 4. e3 Be6 5. g3 Nd7 6. Bg2 Bd6 7. Ne2 O-O 8. O-O c6 9. b3 b5 10. Qd3 Nb6 11. Nf4 Bxf4 12. exf4 Qd7 13. Nd2 Bf5 14. Qc3 Qd6 15. Qc5 Qxc5 16. dxc5 Nd7 17. c4 Nxc5 18. cxb5 cxb5 19. Nb1 Bxb1 20. Raxb1 Ne4 21. Rbd1 Nc3 22. Rd3 Rac8 23. Kh1 Rfd8 24. Rc1 d4 25. Rc2 Rd6 26. b4 g6 27. h4 f5 28. h5 Kg7 29. Bf3 Ne4 30. Re2 Rc3 31. Rxc3 dxc3 32. Rc2 Rd3 33. Kg2 a6 34. g4 Kf6 35. Rc1 Ke6 36. hxg6 hxg6 37. Bd1 Rd2 38. Bb3+ Ke7 39. Rc2 fxg4 40. a4 g3 41. axb5 axb5 42. Kf3 gxf2 43. Rc1 f5 44. Kg2 Re2 45. Rc2 Nd2 0-1

[Event "Reykjavik Open 2022"]
[Site "Reykjavik"]
[Date "2022.04.07"]
[Round "2.39"]
[White "Maes, Tibo"]
[Black "Mahitosh Dey"]
[Result "0-1"]
[ECO "C42"]
[WhiteElo "1918"]
[BlackElo "2176"]
[Annotator "RC"]
[PlyCount "50"]
[EventDate "2022.04.06"]
[EventCountry "ISL"]
[SourceTitle "playchess.com"]
[Source "ChessBase"]
[SourceQuality "1"]
[TimeControl "40/5400+30:1800+30"]

1. e4 e5 2. Nf3 Nf6 3. Nxe5 d6 4. Nf3 Nxe4 5. Nc3 Nxc3 6. dxc3 Be7 7. Be3 Nc6 8. Qd2 Be6 9. O-O-O Qd7 10. Nd4 Nxd4 11. Bxd4 O-O 12. Kb1 Rfc8 13. h3 c5 14. Be3 b5 15. g4 Qc6 16. Rg1 Qa6 17. a3 Rab8 18. f4 f6 19. f5 Bf7 20. g5 Qa4 21. gxf6 Bxf6 22. Qxd6 Rd8 23. Qxf6 Rxd1+ 24. Bc1 Rxc1+ 25. Kxc1 Qf4+ 0-1

[Event "Reykjavik Open 2022"]
[Site "Reykjavik"]
[Date "2022.04.07"]
[Round "2.40"]
[White "Johansson, Carl Fredrik"]
[Black "Unhjem, Bjorn Robert Lovoll"]
[Result "1-0"]
[ECO "E55"]
[WhiteElo "2216"]
[BlackElo "1911"]
[Annotator "TA"]
[PlyCount "191"]
[EventDate "2022.04.06"]
[EventCountry "ISL"]
[SourceTitle "playchess.com"]
[Source "ChessBase"]
[SourceQuality "1"]
[TimeControl "40/5400+30:1800+30"]

1. d4 Nf6 2. c4 e6 3. Nc3 Bb4 4. e3 O-O 5. Bd3 c5 6. Nf3 d5 7. O-O cxd4 8. exd4 dxc4 9. Bxc4 Nbd7 10. Qe2 Nb6 11. Bb3 Nbd5 12. Bd2 Be7 13. Rfe1 b6 14. Ne5 Bb7 15. Rad1 Rc8 16. Qd3 Qd6 17. Qh3 Nxc3 18. bxc3 Bd5 19. Bc2 g6 20. Bh6 Rfe8 21. Bg5 Nh5 22. Bc1 Bxa2 23. g4 Nf6 24. Bg5 Rf8 25. Ra1 Bd5 26. Rxa7 Rc7 27. Rxc7 Qxc7 28. Qe3 Rc8 29. c4 Bxc4 30. Qf4 Qd8 31. Be4 Bb5 32. Rb1 Be8 33. Bb7 Nd5 34. Bxe7 Qxe7 35. Bxd5 exd5 36. Rxb6 Qa3 37. Kg2 Qe7 38. g5 Bd7 39. Rb7 Bh3+ 40. Kxh3 Qxb7 41. Ng4 Qe7 42. Nf6+ Kg7 43. Qh4 h5 44. gxh6+ Kh8 45. Qf4 Rd8 46. Ng4 Rd6 47. Kg3 f6 48. h4 Rb6 49. Qf3 Kh7 50. h5 f5 51. hxg6+ Kxg6 52. Ne5+ Kxh6 53. Qxd5 Kg7 54. Kf3 Rd6 55. Qc4 Qb7+ 56. Kg3 Qa7 57. Qc1 Qe7 58. Qf4 Qf6 59. Kf3 Qe6 60. Qg5+ Kf8 61. Qh4 Qb3+ 62. Ke2 Qb2+ 63. Ke3 Qc3+ 64. Ke2 Qc2+ (64... Qxd4 $2 65. Qh8+ Ke7 66. Nc6+ $1 Rxc6 67. Qxd4 $18) ({But not} 64... Rxd4 65. Qf6+ Ke8 66. Qe6+ Kd8 67. Nc6+ Kc7 68. Nxd4 Qxd4 69. Qxf5 $16) 65. Ke3 Qc1+ 66. Ke2 Qb2+ 67. Ke3 Qb3+ 68. Ke2 Qg8 69. Qh5 Qe6 (69... Rxd4 70. Qxf5+ Kg7 71. Ke3) 70. Qh8+ Ke7 71. Kd3 Qb3+ 72. Ke2 Qa2+ 73. Kf1 Qe6 74. Qg7+ Kd8 $2 (74... Ke8 $11) 75. Nf7+ $18 Kc7 76. Nxd6+ Kxd6 77. Qg3+ Kd7 78. Qd3 $2 (78. Qe5 $1 $18 {[%cal Re5e6] And now Qxe6+ would win.} Qxe5 79. dxe5) 78... Qd5 $2 (78... Kd8 $16) 79. Ke2 $18 Ke6 {[%emt 0:00:31] [#]} 80. Qe3+ $1 Kf6 81. Qh6+ $2 (81. Qe8) 81... Kf7 $18 {[%emt 0:00:54] [#]} 82. Qh7+ $1 Ke8 83. Qh8+ Kd7 84. Qe5 Qf7 85. Qb5+ Kc7 86. Qc5+ Kb7 87. Ke3 Qh5 $2 (87... Qe6+ 88. Qe5 Qh6+ 89. Ke2 Qh5+ 90. f3 Qg6 91. Qe7+ Kb6 92. Qc5+ Kb7 93. Qe7+ Kb6) 88. Qe7+ $18 Kc6 (88... Kc8 $142 89. Qe6+ Kb7) 89. Qf6+ $18 Kd7 90. Qg7+ (90. f3 $142 Qh1 91. Qxf5+ Kd6 92. Qe5+ Kc6 93. f4) 90... Kd6 91. Qg3+ Kd7 92. Kf4 Kd6 (92... Qh8 $142 93. Qe3 (93. Kxf5 Qxd4 94. Qf3 Qd6 $18) 93... Qf6) 93. Qa3+ $18 Ke6 94. Qb3+ Kd6 95. Qb6+ Ke7 96. Qc5+ 1-0

[Event "Reykjavik Open 2022"]
[Site "Reykjavik"]
[Date "2022.04.07"]
[Round "2.41"]
[White "Arvidsson, Jonas"]
[Black "Villiers, Thomas"]
[Result "0-1"]
[ECO "D05"]
[WhiteElo "1934"]
[BlackElo "2202"]
[Annotator "RC"]
[PlyCount "86"]
[EventDate "2022.04.06"]
[EventCountry "ISL"]
[SourceTitle "playchess.com"]
[Source "ChessBase"]
[SourceQuality "1"]
[TimeControl "40/5400+30:1800+30"]

1. e4 e6 2. d4 d5 3. Nd2 Be7 4. Bd3 c5 5. c3 cxd4 6. cxd4 dxe4 7. Nxe4 Nf6 8. Nf3 Nbd7 9. O-O O-O 10. Bf4 Nxe4 11. Bxe4 Nf6 12. Bd3 b6 13. Rc1 Bb7 14. Be5 Rc8 15. Qe2 Qd5 16. b3 Ne4 17. Bc4 Qa5 18. a4 Nd6 19. Nd2 Nxc4 20. Nxc4 Qd5 21. Qg4 f6 22. Ne3 Qd7 23. Bg3 f5 24. Qf4 g5 25. Rc7 Qe8 26. Qe5 Bf6 27. Qd6 Rxc7 28. Qxc7 Ba6 29. Rc1 f4 30. Qxa7 Bd3 31. Qxb6 Qd7 32. Ng4 Bxd4 33. Qa5 fxg3 34. hxg3 e5 35. Nxe5 Bxf2+ 36. Kh1 Qe6 37. Rc6 Bxg3 38. Nf3 Qxc6 39. Qxg5+ Qg6 40. Qd5+ Kh8 41. Qd4+ Qf6 42. Qxd3 Qa1+ 43. Ng1 Bf2 0-1

[Event "Reykjavik Open 2022"]
[Site "Reykjavik"]
[Date "2022.04.07"]
[Round "2.42"]
[White "Povah, Nigel E"]
[Black "Vemparala, Nikash"]
[Result "1/2-1/2"]
[ECO "D00"]
[WhiteElo "2245"]
[BlackElo "1998"]
[Annotator "RC"]
[PlyCount "46"]
[EventDate "2022.04.06"]
[EventCountry "ISL"]
[SourceTitle "playchess.com"]
[Source "ChessBase"]
[SourceQuality "1"]
[TimeControl "40/5400+30:1800+30"]

1. d4 d5 2. Bf4 Nf6 3. e3 e6 4. Nd2 Bd6 5. Bg3 O-O 6. Bd3 b6 7. c3 c5 8. Ngf3 Bb7 9. Qb1 h6 10. O-O Bxg3 11. hxg3 Nbd7 12. Re1 Qc7 13. e4 dxe4 14. Nxe4 Nxe4 15. Bxe4 Bxe4 16. Qxe4 Nf6 17. Qh4 cxd4 18. Nxd4 Qc5 19. Qf4 Rfd8 20. Re5 Rd5 21. Rae1 Rad8 22. R5e2 Qd6 23. Qf3 Nd7 1/2-1/2

[Event "Reykjavik Open 2022"]
[Site "Reykjavik"]
[Date "2022.04.07"]
[Round "2.43"]
[White "Ragnarsson, Johann"]
[Black "Cherniack, Alex"]
[Result "0-1"]
[ECO "D93"]
[WhiteElo "1919"]
[BlackElo "2213"]
[Annotator "ChessBase"]
[PlyCount "74"]
[EventDate "2022.04.06"]
[EventCountry "ISL"]
[SourceTitle "playchess.com"]
[Source "ChessBase"]
[SourceQuality "1"]
[TimeControl "40/5400+30:1800+30"]

1. d4 Nf6 2. c4 g6 3. Nc3 d5 4. Bf4 Bg7 5. e3 c5 6. dxc5 Qa5 7. Rc1 dxc4 8. Bxc4 O-O 9. Nf3 Nbd7 10. O-O Nxc5 11. Nb5 Ne6 12. Be5 a6 13. Nc7 Nxc7 14. Bxc7 Qh5 15. Ne5 Ne8 16. Bxf7+ Rxf7 17. Nxf7 Qxd1 18. Rfxd1 Kxf7 19. Rd8 b5 20. Ba5 Bb7 21. Rxa8 Bxa8 22. Rc8 Be4 23. Bc3 Nd6 24. Rc7 Bxc3 25. Rxc3 a5 26. f3 Bb1 27. a4 bxa4 28. e4 Ba2 29. Kf1 Nc4 30. Ke1 Bb3 31. f4 Ke6 32. g4 Nxb2 33. Kd2 Nc4+ 34. Kc1 a3 35. Kb1 a4 36. Ka1 a2 37. h4 Na3 0-1

[Event "Reykjavik Open 2022"]
[Site "Reykjavik"]
[Date "2022.04.07"]
[Round "2.44"]
[White "Roe, Simon J"]
[Black "Mirza, Diana"]
[Result "1/2-1/2"]
[ECO "A35"]
[WhiteElo "2211"]
[BlackElo "1898"]
[Annotator "RC"]
[PlyCount "95"]
[EventDate "2022.04.06"]
[EventCountry "ISL"]
[SourceTitle "playchess.com"]
[Source "ChessBase"]
[SourceQuality "1"]
[TimeControl "40/5400+30:1800+30"]

1. c4 c5 2. Nf3 Nc6 3. Nc3 g6 4. e3 Nf6 5. d4 cxd4 6. exd4 d5 7. Bg5 Ne4 8. cxd5 Nxc3 9. bxc3 Qxd5 10. Qb3 Qe4+ 11. Be3 e6 12. Rd1 Bg7 13. Bd3 Qd5 14. Qa3 Qa5 15. Qxa5 Nxa5 16. Ne5 O-O 17. O-O f6 18. Nc4 Nxc4 19. Bxc4 Bd7 20. d5 e5 21. d6+ Kh8 22. Bd5 Rac8 23. Bxb7 Rxc3 24. Rc1 Rd3 25. Be4 Ra3 26. Rc7 Rd8 27. Rxa7 Rxa7 28. Bxa7 Bf8 29. Bc5 Be6 30. Rd1 Bxa2 31. g3 f5 32. Bb7 Kg7 33. f4 exf4 34. gxf4 Kf6 35. Kg2 Be6 36. Bd4+ Kf7 37. Be5 Bg7 38. Rc1 Bf8 39. Rc7+ Rd7 40. Bc6 Rxc7 41. dxc7 Bc8 42. Bd5+ Ke7 43. Kg3 h6 44. Kf2 g5 45. Ke3 Kd7 46. fxg5 hxg5 47. Bf6 Bd6 48. Bxg5 1/2-1/2

[Event "Reykjavik Open 2022"]
[Site "Reykjavik"]
[Date "2022.04.07"]
[Round "2.45"]
[White "Schmidt, Kai-Uwe"]
[Black "Jaksland, Tim"]
[Result "0-1"]
[ECO "A46"]
[WhiteElo "1904"]
[BlackElo "2201"]
[Annotator "ChessBase"]
[PlyCount "69"]
[EventDate "2022.04.06"]
[EventCountry "ISL"]
[SourceTitle "playchess.com"]
[Source "ChessBase"]
[SourceQuality "1"]
[TimeControl "40/5400+30:1800+30"]

1. d4 Nf6 2. Nf3 e6 3. Bg5 h6 4. Bxf6 Qxf6 5. e4 d6 6. Nc3 g6 7. Qd2 Bg7 8. O-O-O Qe7 9. h4 h5 10. Kb1 Bh6 11. Qe1 a6 12. Be2 Nd7 13. Nd2 b6 14. g3 Bg7 15. Nb3 c5 16. f4 Bb7 17. Rf1 cxd4 18. Nxd4 O-O 19. Bf3 b5 20. a3 Rac8 21. Nde2 Nb6 22. Rd3 Rfd8 23. f5 Be5 24. Qf2 Nd7 25. Nf4 Nf8 26. Qe2 Bxf4 27. gxf4 Qxh4 28. fxg6 fxg6 29. Qg2 Rc5 30. e5 Bxf3 31. Qxf3 d5 32. Qe3 Rc4 33. Ne2 Rdc8 34. c3 Re4 35. Qd2 0-1

[Event "Reykjavik Open 2022"]
[Site "Reykjavik"]
[Date "2022.04.07"]
[Round "2.46"]
[White "Kolka, Dawid"]
[Black "Player, Edmund C"]
[Result "0-1"]
[ECO "C01"]
[WhiteElo "1897"]
[BlackElo "2196"]
[Annotator "RC"]
[PlyCount "122"]
[EventDate "2022.04.06"]
[EventCountry "ISL"]
[SourceTitle "playchess.com"]
[Source "ChessBase"]
[SourceQuality "1"]
[TimeControl "40/5400+30:1800+30"]

1. e4 e6 2. d4 d5 3. exd5 exd5 4. Nc3 Bb4 5. Bd3 Nc6 6. a3 Bxc3+ 7. bxc3 Nge7 8. Ne2 Bg4 9. f3 Bf5 10. Ng3 Bg6 11. O-O O-O 12. Be3 Qd7 13. Qd2 Na5 14. Rae1 Nc8 15. h4 f6 16. h5 Bf7 17. Nf5 Nc4 18. Bxc4 Qxf5 19. g4 Qd7 20. Bd3 Nd6 21. Bf4 Nc4 22. Bxc4 dxc4 23. Re3 c5 24. Rfe1 Rad8 25. h6 g5 26. Re7 Qd5 27. Bc7 Rd7 28. Rxd7 Qxd7 29. Bg3 Rd8 30. Bf2 Qd6 31. Re3 Qf8 32. Qe2 cxd4 33. cxd4 Qxh6 34. Re7 Qf8 35. Qe4 Re8 36. Rxe8 Bxe8 37. Qxb7 Qxa3 38. d5 Qxf3 39. Qc8 Qe4 40. Qe6+ Qxe6 41. dxe6 a5 42. Bc5 Ba4 43. Bb6 Bxc2 44. Bxa5 Bd1 45. Bc3 Bxg4 46. e7 Bd7 47. Bxf6 h6 48. Bc3 Kf7 49. Bb4 Ke6 50. Kf2 Kd5 51. Ke3 h5 52. Bc3 h4 53. Bf6 h3 54. Kf3 g4+ 55. Kg3 Ke4 56. Bg5 Kd3 57. Bf4 c3 58. e8=Q Bxe8 59. Kxg4 Bd7+ 60. Kf3 c2 61. Kf2 Kc3 0-1

[Event "Reykjavik Open 2022"]
[Site "Reykjavik"]
[Date "2022.04.07"]
[Round "2.47"]
[White "Popvasilev, Kaloyan"]
[Black "Arnalds, Stefan"]
[Result "1-0"]
[ECO "B45"]
[WhiteElo "2191"]
[BlackElo "1902"]
[Annotator "ChessBase"]
[PlyCount "61"]
[EventDate "2022.04.06"]
[EventCountry "ISL"]
[SourceTitle "playchess.com"]
[Source "ChessBase"]
[SourceQuality "1"]
[TimeControl "40/5400+30:1800+30"]

1. e4 c5 2. Nf3 e6 3. d4 cxd4 4. Nxd4 Nf6 5. Nc3 Nc6 6. Ndb5 Bb4 7. a3 Bxc3+ 8. Nxc3 d5 9. exd5 exd5 10. Bd3 d4 11. Ne2 O-O 12. O-O Qd5 13. Nf4 Qd6 14. Nh5 Nxh5 15. Qxh5 g6 16. Qh4 f5 17. Bf4 Qf6 18. Bg5 Qf7 19. Rae1 Be6 20. b3 Rfe8 21. Qf4 Bd5 22. Qd6 Kg7 23. f4 a6 24. a4 Rac8 25. b4 Bc4 26. b5 Bxd3 27. cxd3 axb5 28. axb5 Rxe1 29. Rxe1 Re8 30. Qf6+ Kg8 31. Qxf7+ 1-0